 Dungeon Crawl Stone Soup version 0.27.1 (webtiles) character file.

Game seed: 17671323674291128025

225 Malachi the Cutter (level 5, 0/38 HPs)
             Began as a Vampire Gladiator on Aug 24, 2021.
             Slain by Duvessa (5 damage)
             ... on level 4 of the Dungeon.
             The game lasted 00:03:43 (3164 turns).

Malachi the Cutter (Vampire Gladiator)              Turns: 3164, Time: 00:03:43

Health: 0/38       AC:  6    Str: 13    XL:     5   Next: 68%
Magic:  5/5        EV: 13    Int: 10    God:
Gold:   115        SH:  0    Dex: 23    Spells: 4/4 levels left

rFire    . . .     SeeInvis +   a - +1 rapier
rCold    . . .     Faith    .   (no shield)
rNeg     + . .     Spirit   .   e - +2 leather armour of the Pits of Slime {rN+ rCorr}
rPois    .         Reflect  .   c - +0 helmet
rElec    .         Harm     .   (no cloak)
rCorr    +         Rampage  .   (no gloves)
Will     .....                  (no boots)
Stlth    +++.......             g - amulet of the acrobat
HPRegen  0.32/turn              b - +6 ring of dexterity
MPRegen  0.09/turn              (no ring)

@: healing quickly, hasted, very quick
A: alive, fangs 3, see invisible, vampiric 2
a: Exsanguinate


You were on level 4 of the Dungeon.
You visited 1 branch of the dungeon, and saw 4 of its levels.

You collected 248 gold pieces.
You spent 133 gold pieces at shops.

Inventory:

Hand Weapons
 a - a +1 rapier (weapon)
Missiles
 d - 3 throwing nets (quivered)
Armour
 c - a +0 helmet (worn)
 e - the +2 leather armour of the Pits of Slime (worn) {rN+ rCorr}
   (You bought it in a shop on level 3 of the Dungeon)

   rN:        It protects you from negative energy.
   rCorr:     It protects you from acid and corrosion.
Jewellery
 b - a +6 ring of dexterity (left hand)
 g - an amulet of the acrobat (around neck)
Wands
 h - a wand of iceblast (6)
 j - a wand of flame (20)
Potions
 f - 2 potions of haste
 i - a potion of degeneration {unknown}
 k - a potion of flight
 l - a potion of cancellation {unknown}


   Skills:
 - Level 1.7 Fighting
 * Level 6.1 Short Blades
 - Level 1.5 Throwing
 - Level 3.2 Dodging
 * Level 5.0 Stealth


You had 4 spell levels left.
You didn't know any spells.
Your spell library was empty.

Dungeon Overview and Level Annotations

Branches:
Dungeon (4/15)
 Temple: D:4-7

Altars:
Trog
Vehumet

Shops:
D:3 [

Annotations:
D:4 Dowan, Duvessa


Innate Abilities, Weirdness & Mutations

Your natural rate of healing is accelerated.
You have razor-sharp teeth.
You have supernaturally acute eyesight. (SInv)
You are afflicted with vampirism and can become a bat while bloodless.


Message History

Duvessa hits you with a +0 short sword.
Dowan throws and catches a handful of magical flame, then smirks.
You barely miss Duvessa. Your bite misses Duvessa.
Duvessa is severely wounded.
Duvessa hits you with a +0 short sword.
You barely miss Duvessa.
Duvessa is severely wounded.
Duvessa hits you but does no damage.
You hit Duvessa.
Duvessa is almost dead.
Duvessa hits you with a +0 short sword.
You hit Duvessa but do no damage.
Duvessa is almost dead.
Duvessa barely misses you.
You hit Duvessa.
Duvessa is almost dead.
Duvessa closely misses you.
You hit Duvessa but do no damage. You bite Duvessa, but do no damage.
Duvessa is almost dead.
Duvessa hits you with a +0 short sword.
Dowan casts a spell.
Dowan blinks!
You hit Duvessa.
Duvessa is almost dead.
You barely miss Duvessa.
Duvessa is almost dead.
Duvessa misses you.
You completely miss Duvessa.
Duvessa is almost dead.
Duvessa hits you with a +0 short sword.
* * * LOW HITPOINT WARNING * * *
You hit Duvessa.
Duvessa is almost dead.
Duvessa says, "When magic and the sword combine, nothing stands against them."
Duvessa hits you with a +0 short sword.
* * * LOW HITPOINT WARNING * * *
You hit Duvessa but do no damage.
Duvessa is almost dead.
Duvessa hits you with a +0 short sword.
You die...

######### #...e÷..#
# #.#####.# .# #.#
#.# #.## ##.##
##.#####...##
#..e###..<........#
#...e@.......#....#
#...###..###.#
...## ##### #..#
#.# ....# #..#
#.##.#.#.##
#..###.#.##.##.#
#..##........e..
#..##..#.##.#.#.
#..##..##.#..###
#..###†.## #


You could see Duvessa (fast) and Dowan.

Vanquished Creatures
  Ijyb (D:3)
  Natasha (thrice) (D:3)
  A statue (D:3)
  3 adders
  A worm (D:4)
  A dart slug (D:1)
  4 orcs (D:3)
  8 ball pythons
  5 endoplasms
  A giant cockroach (D:1)
  8 goblins
  7 hobgoblins
  4 jackals (D:1)
  3 quokkas
  3 bats
  2 frilled lizards
  5 kobolds
  7 rats
67 creatures vanquished.

Notes
Turn   | Place    | Note
-------+----------+-------------------------------------------
     0 | D:1      | Malachi the Vampire Gladiator began the quest for the Orb.
     0 | D:1      | Reached XP level 1. HP: 16/16 MP: 1/1
   190 | D:1      | Reached XP level 2. HP: 18/22 MP: 2/2
   291 | D:1      | Reached skill level 4 in Short Blades
  1101 | D:2      | Gained mutation: You are afflicted with vampirism and can
                  | become a bat while bloodless. [Vampire growth]
  1101 | D:2      | Reached XP level 3. HP: 22/27 MP: 3/3
  1134 | D:2      | Found a faded altar of an unknown god.
  1203 | D:2      | Found a bloodstained altar of Trog.
  1384 | D:2      | Reached skill level 1 in Stealth
  1414 | D:2      | Reached skill level 5 in Short Blades
  1938 | D:3      | Reached XP level 4. HP: 33/33 MP: 4/4
  1998 | D:3      | Found Mahaulaji's Antique Armour Emporium.
  2001 | D:3      | Bought a warped leather armour for 133 gold pieces
  2001 | D:3      | Identified the +2 leather armour of the Pits of Slime {rN+
                  | rCorr} (You bought it in a shop on level 3 of the Dungeon)
  2033 | D:3      | Found a radiant altar of Vehumet.
  2033 | D:3      | Noticed a charred statue
  2057 | D:3      | Killed a charred statue
  2160 | D:3      | Noticed Natasha
  2167 | D:3      | Killed Natasha
  2294 | D:3      | Noticed Ijyb
  2309 | D:3      | Killed Ijyb
  2310 | D:3      | Reached XP level 5. HP: 18/38 MP: 5/5
  2402 | D:3      | Noticed Natasha
  2461 | D:3      | Killed Natasha
  2715 | D:3      | Noticed Natasha
  2730 | D:3      | Killed Natasha
  2731 | D:3      | Reached skill level 6 in Short Blades
  2860 | D:4      | Reached skill level 5 in Stealth
  2898 | D:4      | Noticed Duvessa
  2898 | D:4      | Noticed Dowan
  3164 | D:4      | Slain by Duvessa

Illustrated notes

Levels and vault maps discovered:
D:1:      dpeg_arrival_connections, layout_loops_cross, minmay_misc_feat_iff,
          hangedman_decor_lopped, nrook_campfire,
          chequers_serial_rivers_small_b, bh_walls_and_bars
D:2:      layout_loops_ring, hellmonk_ecumenical_altar_blasted, serial_forest,
          infiniplex_forest_end_1, infiniplex_forest_pool,
          infiniplex_forest_clump_diagonal, infiniplex_forest_clump_medium,
          infiniplex_forest_end_2, infiniplex_forest_lined_room_2,
          infiniplex_forest_clump_small, basic_altar, kennysheep_flooded_box,
          minmay_goblin_outpost
D:3:      layout_rooms, vehumet_statue, serial_shops, nicolae_shop_behind_doors,
          minivault_5, chequers_arboretum, uniq_ijyb, uniq_natasha
D:4:      layout_loops_ring, minmay_temple_entry_hall, uniq_duvessa

Skill      XL: |  1  2  3  4  5 |
---------------+----------------+-----
Short Blades   | 4 5 6 |  6.1
Stealth        | 2 4 5 |  5.0
Fighting       | |  1.7
Throwing       | |  1.5
Dodging        | |  3.2

Action                   |  1- 3 |  4- 6 || total
-------------------------+-------+-------++-------
Melee: Rapier            |   129 |   142 ||   271
       Bite              |    11 |    24 ||    35
  Use: Scroll            |     2 |     1 ||     3
       Potion            |     1 |     2 ||     3
 Stab: Sleeping          |     4 |     2 ||     6
Armor: Leather armour    |    34 |    25 ||    59
Dodge: Dodged            |   103 |    90 ||   193
